| TOP OF THE 1ST |
|
Washington Nationals batting - Pitching for Toronto Blue Jays : LHP Spencer Jones
|
|
Pitching: LHP Spencer Jones
|
|
|
Batting: SHB Mark Rennie
|
0-0: Ball 1-0: Ball 2-0: Foul Ball, location: 2F 2-1: Ball 3-1: Foul Ball, location: 2F 3-2: Strikes out looking
|
|
Batting: LHB Seth Cook
|
0-0: Called Strike 0-1: Ground out 6-3 (Groundball, 6S, EV 64.4 MPH)
|
|
Batting: RHB John Sanders
|
0-0: Called Strike 0-1: Ball 1-1: Ball 2-1: Ball 3-1: Ground out 5-3 (Groundball, 56, EV 80.6 MPH)
|
| Top of the 1st over - 0 runs, 0 hits, 0 errors, 0 left on base; Washington 0 - Toronto 0 |
| BOTTOM OF THE 1ST |
|
Toronto Blue Jays batting - Pitching for Washington Nationals : LHP Joe Hincks
|
|
Pitching: LHP Joe Hincks
|
|
|
Batting: RHB C.J. Richerson
|
0-0: Called Strike 0-1: Ground out 2-3 (Groundball, 2L, EV 70.6 MPH)
|
|
Batting: LHB Jon Schick
|
0-0: Ball 1-0: Ground out 5-3 (Groundball, 56D, EV 76.9 MPH)
|
|
Batting: RHB Donny Burnside
|
0-0: Called Strike 0-1: Foul Ball, location: 2F 0-2: Foul Ball, location: 2F 0-2: Ball 1-2: Foul Ball, location: 2F 1-2: Ball 2-2: Ball 3-2: SINGLE (Groundball, 56, EV 83.8 MPH) (infield hit)
|
|
Batting: RHB Brock Van Gilder
|
0-0: SINGLE (Groundball, 56D, EV 98.1 MPH) Donny Burnside to second
|
|
Batting: RHB Kirk Arp
|
0-0: Ball 1-0: Foul Ball, location: 2F 1-1: Swinging Strike 1-2: Fly out, F8 (Line Drive, 8RM, EV 88.1 MPH)
|
| Bottom of the 1st over - 0 runs, 2 hits, 0 errors, 2 left on base; Washington 0 - Toronto 0 |
| TOP OF THE 2ND |
|
Washington Nationals batting - Pitching for Toronto Blue Jays : LHP Spencer Jones
|
|
Batting: RHB Dave Vargas
|
0-0: Fly out, F8 (Flyball, 78D, EV 105.6 MPH)
|
|
Batting: SHB Tze-meng Gan
|
0-0: Ball 1-0: Ball 2-0: Called Strike 2-1: Ground out 3-1 (Groundball, 34, EV 85.6 MPH)
|
|
Batting: RHB Dan Fallon
|
0-0: Called Strike 0-1: Ball 1-1: DOUBLE (Flyball, 78XD, EV 106.9 MPH)
|
|
Batting: LHB Bi-jun Chien
|
0-0: Ball 1-0: Hit by Pitch
|
|
Batting: RHB Darren McCarty Jr.
|
0-0: Ball 1-0: Swinging Strike 1-1: Fly out, F7 (Flyball, 78M, EV 90.0 MPH)
|
| Top of the 2nd over - 0 runs, 1 hit, 0 errors, 2 left on base; Washington 0 - Toronto 0 |
| BOTTOM OF THE 2ND |
|
Toronto Blue Jays batting - Pitching for Washington Nationals : LHP Joe Hincks
|
|
Batting: LHB Willis Robles
|
0-0: Ball 1-0: Called Strike 1-1: Foul Ball, location: 2F 1-2: Ball 2-2: SINGLE (Groundball, 4MD, EV 106.2 MPH)
|
|
Batting: LHB Nate Dean
|
0-0: Called Strike 0-1: Fielders Choice at 2nd, 1-6 (Groundball, 34S, EV 64.4 MPH)
|
|
Batting: LHB Michael Byrd
|
0-0: Foul Ball, location: 2F 0-1: SINGLE (Flyball, 9S, EV 91.9 MPH) Nate Dean to second Runner from 2nd tries for 3rd, SAFE, throw by RF made to third
|
|
Batting: SHB Zory Larikov
|
0-0: Ball 1-0: Swinging Strike 1-1: Called Strike 1-2: Foul Ball, location: 2F 1-2: Ball 2-2: Fly out, F9 (Flyball, 89XD, EV 112.5 MPH) Runner from 3rd tags up, SCORES, no throw by RF
|
|
Batting: RHB C.J. Richerson
|
0-0: Ball Michael Byrd steals 2nd base (no throw) 1-0: Called Strike 1-1: Foul Ball, location: 2F 1-2: Ball 2-2: 2-RUN HOME RUN (Flyball, 7LD, EV 93.1 MPH), Distance : 345 ft
|
|
Batting: LHB Jon Schick
|
0-0: Ball 1-0: Called Strike 1-1: Ball 2-1: Ground out 6-3 (Groundball, 6MD, EV 81.9 MPH)
|
| Bottom of the 2nd over - 3 runs, 3 hits, 0 errors, 0 left on base; Washington 0 - Toronto 3 |
| TOP OF THE 3RD |
|
Washington Nationals batting - Pitching for Toronto Blue Jays : LHP Spencer Jones
|
|
Batting: LHB Bob Melley
|
0-0: Ball 1-0: Called Strike 1-1: Ball 2-1: Ball 3-1: Foul Ball, location: 2F 3-2: SINGLE (Flyball, 8RS, EV 96.2 MPH)
|
|
Batting: SHB Mark Rennie
|
0-0: Fly out, F8 (Flyball, 8LD, EV 78.8 MPH)
|
|
Batting: LHB Seth Cook
|
0-0: Called Strike 0-1: Foul Ball, location: 2F 0-2: Foul Ball, location: 2F 0-2: Ball 1-2: SINGLE (Flyball, 7LS, EV 90.0 MPH) Bob Melley to second
|
|
Batting: RHB John Sanders
|
0-0: Fly out, F7 (Line Drive, 7, EV 100.0 MPH)
|
|
Batting: RHB Dave Vargas
|
0-0: Foul Ball, location: 2F 0-1: Ball 1-1: Ball 2-1: Ball 3-1: Foul Ball, location: 2F 3-2: Base on Balls Bob Melley to third Seth Cook to second
|
|
Batting: SHB Tze-meng Gan
|
0-0: Called Strike 0-1: Ball 1-1: Fly out, F8 (Flyball, 8LXD, EV 108.8 MPH)
|
| Top of the 3rd over - 0 runs, 2 hits, 0 errors, 3 left on base; Washington 0 - Toronto 3 |
| BOTTOM OF THE 3RD |
|
Toronto Blue Jays batting - Pitching for Washington Nationals : LHP Joe Hincks
|
|
Batting: RHB Donny Burnside
|
0-0: Fly out, F8 (Line Drive, 8RM, EV 94.4 MPH)
|
|
Batting: RHB Brock Van Gilder
|
0-0: Foul Ball, location: 2F 0-1: Ground out 6-3 (Groundball, 6, EV 80.0 MPH)
|
|
Batting: RHB Kirk Arp
|
0-0: Ball 1-0: Called Strike 1-1: Ground out 5-3 (Groundball, 56S, EV 90.6 MPH)
|
| Bottom of the 3rd over - 0 runs, 0 hits, 0 errors, 0 left on base; Washington 0 - Toronto 3 |
| TOP OF THE 4TH |
|
Washington Nationals batting - Pitching for Toronto Blue Jays : LHP Spencer Jones
|
|
Batting: RHB Dan Fallon
|
0-0: Swinging Strike 0-1: Foul Ball, location: 2F 0-2: Strikes out swinging
|
|
Batting: LHB Bi-jun Chien
|
0-0: Called Strike 0-1: Called Strike 0-2: Ball 1-2: Ground out U3 (Groundball, 3, EV 81.2 MPH)
|
|
Batting: RHB Darren McCarty Jr.
|
0-0: Fly out, F7 (Flyball, 7D, EV 101.9 MPH)
|
| Top of the 4th over - 0 runs, 0 hits, 0 errors, 0 left on base; Washington 0 - Toronto 3 |
| BOTTOM OF THE 4TH |
|
Toronto Blue Jays batting - Pitching for Washington Nationals : LHP Joe Hincks
|
|
Batting: LHB Willis Robles
|
0-0: Swinging Strike 0-1: Ball 1-1: Ground out U3 (Groundball, 34, EV 88.1 MPH)
|
|
Batting: LHB Nate Dean
|
0-0: Ball 1-0: Fly out, F7 (Flyball, 7, EV 84.4 MPH)
|
|
Batting: LHB Michael Byrd
|
0-0: Foul Ball, location: 2F 0-1: Swinging Strike 0-2: Strikes out looking
|
| Bottom of the 4th over - 0 runs, 0 hits, 0 errors, 0 left on base; Washington 0 - Toronto 3 |
| TOP OF THE 5TH |
|
Washington Nationals batting - Pitching for Toronto Blue Jays : LHP Spencer Jones
|
|
Batting: LHB Bob Melley
|
0-0: Swinging Strike 0-1: Swinging Strike 0-2: Foul Ball, location: 2F 0-2: Ball 1-2: Ball 2-2: Strikes out swinging, 2-3 out at first.
|
|
Batting: SHB Mark Rennie
|
0-0: Foul Ball, location: 2F 0-1: Fly out, F3 (Popup, 3SF, EV 67.5 MPH)
|
|
Batting: LHB Seth Cook
|
0-0: Called Strike 0-1: Ground out 4-3 (Groundball, 34, EV 101.9 MPH)
|
| Top of the 5th over - 0 runs, 0 hits, 0 errors, 0 left on base; Washington 0 - Toronto 3 |
| BOTTOM OF THE 5TH |
|
Toronto Blue Jays batting - Pitching for Washington Nationals : LHP Joe Hincks
|
|
Batting: SHB Zory Larikov
|
0-0: Called Strike 0-1: Fly out, F8 (Flyball, 89M, EV 84.4 MPH)
|
|
Batting: RHB C.J. Richerson
|
0-0: Ball 1-0: Called Strike 1-1: Ball 2-1: Foul Ball, location: 2F 2-2: Fly out, F9 (Line Drive, 89M, EV 105.6 MPH)
|
|
Batting: LHB Jon Schick
|
0-0: Ball 1-0: Foul Ball, location: 2F 1-1: Called Strike 1-2: Ball 2-2: Ground out 4-3 (Groundball, 4, EV 77.5 MPH)
|
| Bottom of the 5th over - 0 runs, 0 hits, 0 errors, 0 left on base; Washington 0 - Toronto 3 |
| TOP OF THE 6TH |
|
Washington Nationals batting - Pitching for Toronto Blue Jays : LHP Spencer Jones
|
|
Batting: RHB John Sanders
|
0-0: Ball 1-0: Foul Ball, location: 2F 1-1: Ball 2-1: Ball 3-1: Ground out 6-3 (Groundball, 6MD, EV 107.5 MPH)
|
|
Batting: RHB Dave Vargas
|
0-0: Foul Ball, location: 2F 0-1: Ball 1-1: Ball 2-1: Foul Ball, location: 2F 2-2: Ground out 4-3 (Groundball, 34, EV 100.0 MPH)
|
|
Batting: SHB Tze-meng Gan
|
0-0: Ball 1-0: Foul Ball, location: 2F 1-1: Called Strike 1-2: Ball 2-2: Strikes out swinging
|
| Top of the 6th over - 0 runs, 0 hits, 0 errors, 0 left on base; Washington 0 - Toronto 3 |
| BOTTOM OF THE 6TH |
|
Toronto Blue Jays batting - Pitching for Washington Nationals : LHP Joe Hincks
|
|
Batting: RHB Donny Burnside
|
0-0: Swinging Strike 0-1: Ball 1-1: SINGLE (Groundball, 34D, EV 108.8 MPH)
|
|
Batting: RHB Brock Van Gilder
|
0-0: Ball 1-0: Foul Ball, location: 2F 1-1: Swinging Strike 1-2: Ball 2-2: Fly out, F4 (Line Drive, 4, EV 73.1 MPH)
|
|
Batting: RHB Kirk Arp
|
0-0: Swinging Strike 0-1: Fly out, F8 (Flyball, 89D, EV 90.0 MPH)
|
|
Batting: LHB Willis Robles
|
0-0: Called Strike 0-1: Fly out, F7 (Flyball, 78S, EV 85.6 MPH)
|
| Bottom of the 6th over - 0 runs, 1 hit, 0 errors, 1 left on base; Washington 0 - Toronto 3 |
| TOP OF THE 7TH |
|
Washington Nationals batting - Pitching for Toronto Blue Jays : LHP Spencer Jones
|
|
Batting: RHB Dan Fallon
|
0-0: Fly out, F7 (Flyball, 7, EV 96.2 MPH)
|
|
Batting: LHB Bi-jun Chien
|
0-0: Ball 1-0: Swinging Strike 1-1: SINGLE (Groundball, 6MD, EV 98.8 MPH)
|
|
Batting: RHB Darren McCarty Jr.
|
0-0: SINGLE (Line Drive, 78S, EV 100.6 MPH) Bi-jun Chien to second
|
|
Batting: LHB Bob Melley
|
0-0: Ball 1-0: Ball 2-0: Ball 3-0: Base on Balls Bi-jun Chien to third Darren McCarty Jr. to second
|
|
Batting: SHB Mark Rennie
|
0-0: Called Strike 0-1: Ball 1-1: Swinging Strike 1-2: Foul Ball, location: 2F 1-2: Ball 2-2: Ball 3-2: Base on Balls Bi-jun Chien scores Darren McCarty Jr. to third Bob Melley to second
|
|
Batting: LHB Seth Cook
|
0-0: Called Strike 0-1: Ball 1-1: Ball 2-1: Foul Ball, location: 2F 2-2: Ball 3-2: Base on Balls Darren McCarty Jr. scores Bob Melley to third Mark Rennie to second
|
|
Batting: RHB John Sanders
|
0-0: Called Strike 0-1: Fly out, F4 (Popup, 3S, EV 85.0 MPH)
|
|
Batting: RHB Dave Vargas
|
0-0: Ball 1-0: Foul Ball, location: 2F 1-1: Ball 2-1: Fly out, F8 (Flyball, 8LS, EV 92.5 MPH)
|
| Top of the 7th over - 2 runs, 2 hits, 0 errors, 3 left on base; Washington 2 - Toronto 3 |
| BOTTOM OF THE 7TH |
|
Toronto Blue Jays batting - Pitching for Washington Nationals : LHP Joe Hincks
|
|
Batting: LHB Nate Dean
|
0-0: Swinging Strike 0-1: Ball 1-1: Ball 2-1: Ball 3-1: Called Strike 3-2: Foul Ball, location: 2F 3-2: Base on Balls
|
|
Batting: LHB Michael Byrd
|
0-0: Sac Bunt to 15 - play at first, batter OUT! 1-3 Nate Dean to second
|
|
Batting: SHB Zory Larikov
|
0-0: Called Strike 0-1: Ball 1-1: Called Strike 1-2: Fly out, F9 (Flyball, 9S, EV 86.2 MPH)
|
|
Batting: RHB C.J. Richerson
|
0-0: Intentional Walk
|
|
Batting: LHB Jon Schick
|
0-0: Fielders Choice at 2nd, 5-4 (Groundball, 6, EV 88.8 MPH)
|
| Bottom of the 7th over - 0 runs, 0 hits, 0 errors, 2 left on base; Washington 2 - Toronto 3 |
| TOP OF THE 8TH |
|
Washington Nationals batting - Pitching for Toronto Blue Jays : LHP Spencer Jones
|
|
Pitching: LHP Tim Franco
|
|
|
Now at 2B: Dylan Novakowski
|
|
|
Batting: SHB Tze-meng Gan
|
0-0: Called Strike 0-1: Called Strike 0-2: Ball 1-2: Strikes out swinging
|
|
Batting: RHB Dan Fallon
|
0-0: Foul Ball, location: 2F 0-1: Ball 1-1: Ball 2-1: Foul Ball, location: 2F 2-2: Ball 3-2: Foul Ball, location: 2F 3-2: Foul Ball, location: 2F 3-2: Base on Balls
|
|
Batting: LHB Bi-jun Chien
|
0-0: Foul Ball, location: 2F 0-1: Called Strike 0-2: Strikes out looking
|
|
Batting: RHB Darren McCarty Jr.
|
0-0: Ball 1-0: Fly out, F7 (Line Drive, 7, EV 91.9 MPH)
|
| Top of the 8th over - 0 runs, 0 hits, 0 errors, 1 left on base; Washington 2 - Toronto 3 |
| BOTTOM OF THE 8TH |
|
Toronto Blue Jays batting - Pitching for Washington Nationals : LHP Joe Hincks
|
|
Batting: RHB Donny Burnside
|
0-0: Swinging Strike 0-1: Foul Ball, location: 2F 0-2: Ball 1-2: Ground out 6-3 (Groundball, 6, EV 85.6 MPH)
|
|
Batting: RHB Brock Van Gilder
|
0-0: Ball 1-0: Foul Ball, location: 2F 1-1: Fly out, F4 (Popup, 34S, EV 73.8 MPH)
|
|
Batting: RHB Kirk Arp
|
0-0: Ball 1-0: Foul Ball, location: 2F 1-1: Ball 2-1: Ball 3-1: Foul Ball, location: 2F 3-2: Fly out, F9 (Flyball, 9LM, EV 86.9 MPH)
|
| Bottom of the 8th over - 0 runs, 0 hits, 0 errors, 0 left on base; Washington 2 - Toronto 3 |
| TOP OF THE 9TH |
|
Washington Nationals batting - Pitching for Toronto Blue Jays : LHP Tim Franco
|
|
Pitching: RHP Hoof Harted
|
|
|
Batting: LHB Bob Melley
|
0-0: Called Strike 0-1: Called Strike 0-2: Strikes out swinging
|
|
Batting: SHB Mark Rennie
|
0-0: Foul Ball, location: 2F 0-1: Ball 1-1: Foul Ball, location: 2F 1-2: Strikes out swinging
|
|
Batting: LHB Seth Cook
|
0-0: Ball 1-0: Called Strike 1-1: Called Strike 1-2: Fly out, F4 (Popup, 4M, EV 57.5 MPH)
|
| Top of the 9th over - 0 runs, 0 hits, 0 errors, 0 left on base; Washington 2 - Toronto 3 |
|